 Dungeon Crawl Stone Soup version 0.18.1-50-g88ac8fd (webtiles) character file.

235 varam the Firebug (level 5, -9/28 HPs)
             Began as a Deep Elf Fire Elementalist on Oct 14, 2016.
             Mangled by Terence
             ... wielding a +0 flail
              (11 damage)
             ... on level 2 of the Dungeon.
             The game lasted 00:06:23 (2164 turns).

varam the Firebug (Deep Elf Fire Elementalist)      Turns: 2164, Time: 00:06:24

Health: -9/28      AC:  3    Str:  5    XL:     5   Next: 76%
Magic:  6/13       EV: 13    Int: 21    God:
Gold:   39         SH:  0    Dex: 15    Spells: 1 memorised, 12 levels left

rFire  . . .     SeeInvis .     (no weapon)
rCold  . . .     Gourm    .     a - +0 robe
rNeg   . . .     Faith    .     (no shield)
rPois  .         Spirit   .     (no helmet)
rElec  .         Dismiss  .     (no cloak)
rCorr  .         Reflect  .     (no gloves)
SustAt .         Harm     .     j - +0 pair of boots
MR     .....                    (no amulet)
Stlth  ++........               (no ring)
                                (no ring)

@: not resistant to hostile enchantments, unstealthy
A: MP-powered wands
a: no special abilities


You were on level 2 of the Dungeon.
You were not hungry.

You visited 1 branch of the dungeon, and saw 3 of its levels.

You collected 39 gold pieces.

Inventory:

Armour
 a - a +0 robe (worn)
 d - a +0 ice dragon armour
 j - a +0 pair of boots (worn)
Scrolls
 e - 3 scrolls of identify {unknown}
 f - a scroll of fear {unknown}
 h - 3 scrolls of amnesia {unknown}
 l - 2 scrolls of teleportation {unknown}
 n - a scroll of enchant armour {unknown}
 p - 2 scrolls of magic mapping {unknown}
 q - a scroll of fog {unknown}
 r - a scroll of remove curse {unknown}
Potions
 g - a potion of resistance {unknown}
 k - 2 potions of heal wounds {unknown}
 m - a potion of brilliance {unknown}
 o - 2 potions of curing {unknown}
Books
 b - a book of Flames

   Spells                             Type                      Level
   a - Flame Tongue                   Conjuration/Fire             1
   b - Throw Flame                    Conjuration/Fire             2
   c - Conjure Flame                  Conjuration/Fire             3
   d - Inner Flame                    Hexes/Fire                   3
   e - Sticky Flame                   Conjuration/Fire             4
   f - Fireball                       Conjuration/Fire             5
Comestibles
 c - a bread ration
 i - a meat ration


   Skills:
 - Level 2.4 Dodging
 - Level 2.4 Stealth
 + Level 4.6 Spellcasting
 + Level 3.1 Conjurations
 * Level 5.7 Fire Magic


You had 12 spell levels left.
You knew the following spells:

 Your Spells              Type           Power        Failure   Level  Hunger
a - Flame Tongue          Conj/Fire      ###..        1%          1    None


Dungeon Overview and Level Annotations

Branches:
Dungeon (3/15)

Altars:
Okawaru
The Shining One

Annotations:
D:2 Terence


Innate Abilities, Weirdness & Mutations

You expend magic power (3 MP) to strengthen your wands.


Message History

Aim: Terence, wielding a flail, wearing a chain mail and wearing a shield (lightly wounded)
The flame tongue hits Terence.
Terence appears unharmed.
Terence is lightly wounded.
Terence hits you but does no damage.
Casting: Flame Tongue
Confirm with . or Enter, or press ? or * to list all spells.
Aiming: Flame Tongue
Press: ? - help, Shift-Dir - straight line, f/p - Terence
Aim: Terence, wielding a flail, wearing a chain mail and wearing a shield (lightly wounded) Terence blocks the flame tongue.
Terence hits you but does no damage.
Unknown command.
Casting: Flame Tongue
Confirm with . or Enter, or press ? or * to list all spells.
Aiming: Flame Tongue
Press: ? - help, Shift-Dir - straight line, f/p - Terence
Aim: Terence, wielding a flail, wearing a chain mail and wearing a shield (lightly wounded)
The flame tongue hits Terence.
Terence appears unharmed.
Terence is lightly wounded.
Terence hits you with a flail!
You die...

######## ############ #......#
#........##. #############......#
#........##. ...............@@..#
#........##. #############......#
#........... ###<### #......#
#.........#. ......#
####......###........... ....#.#
#...#.....#.#....<...#..
..###.####.....#####.#.###.#.##..
..###.##.......# #.......#.....
..+....#.#.....#####.#.#####.####
..###..#.#...........#.....#.####


You could see Terence.

Vanquished Creatures
  Sigmund (D:3)
  3 adders
  An ooze (D:3)
  A worm (D:2)
  A giant gecko (D:1)
  4 giant cockroaches
  4 goblins
  6 hobgoblins
  4 bats (D:1)
  5 giant newts
  7 kobolds
  A quokka skeleton (D:3)
  10 rats
48 creatures vanquished.

Notes
Turn   | Place    | Note
--------------------------------------------------------------
     0 | D:1      | varam the Deep Elf Fire Elementalist began the quest for the Orb.
     0 | D:1      | Reached XP level 1. HP: 10/10 MP: 6/6
   196 | D:1      | Reached XP level 2. HP: 8/15 MP: 0/8
   592 | D:1      | Found a glowing golden altar of the Shining One.
   884 | D:2      | Reached skill level 4 in Fire Magic
   931 | D:2      | Reached XP level 3. HP: 18/19 MP: 6/10
  1411 | D:3      | Found an iron altar of Okawaru.
  1616 | D:3      | Gained mutation: You expend magic power (3 MP) to strengthen your wands. [mutagenic glow]
  1888 | D:3      | Noticed Sigmund
  1888 | D:3      | Reached XP level 4. HP: 24/24 MP: 7/11
  2083 | D:3      | Killed Sigmund
  2083 | D:3      | Reached skill level 5 in Fire Magic
  2083 | D:3      | Reached XP level 5. HP: 14/28 MP: 6/13
  2093 | D:3      | Noticed Terence
  2157 | D:2      | HP: 1/28 [Terence/flail (3)]
  2164 | D:2      | Mangled by Terence

Skill      XL: |  1  2  3  4 |
---------------+-------------+-----
Fire Magic     | 4 5 |  5.7
Conjurations   | 2 3 |  3.1
Spellcasting   | 4 |  4.6
Dodging        | |  2.4
Stealth        | |  2.4

Action                   |  1- 3 |  4- 6 || total
-------------------------+-------+-------++-------
Melee: Unarmed           |    14 |       ||    14
 Cast: Flame Tongue      |    76 |    18 ||    94
 Stab: Sleeping          |     1 |       ||     1
  Eat: Bread ration      |     1 |       ||     1
       Chunk             |     1 |       ||     1
Armor: Robe              |     7 |     2 ||     9
       Ice dragon armour |     9 |       ||     9
Dodge: Dodged            |    34 |     6 ||    40
